 Dungeon Crawl Stone Soup version 0.25-a0-302-g9f758675c1 (console) character file.

Game seed: 9046210085094447357, levelgen mode: deterministic

15661 Kagalorn the Thaumaturge (level 12, -3/91 HPs)
             Began as a Gnoll Air Elementalist on Dec 20, 2019.
             Was a Believer of Ashenzari.
             Slain by a wolf spider simulacrum (9 damage)
             ... in an ice cave.
             The game lasted 00:41:57 (12250 turns).

Kagalorn the Thaumaturge (Gnoll Air Elementalist)  Turns: 12250, Time: 00:41:58

Health: -3/91      AC:  7    Str: 11    XL:     12   Next: 29%
Magic:  9/24       EV: 17    Int: 22    God:    Ashenzari [**....]
Gold:   599        SH:  0    Dex: 16    Spells: 12/28 levels left

rFire    . . .     SeeInvis .   b - +4 morningstar (curse)
rCold    + . .     Gourm    .   (no shield)
rNeg     . . .     Faith    .   N - +0 acid dragon scales
rPois    .         Spirit   .   (no helmet)
rElec    .         Reflect  .   (no cloak)
rCorr    +         Harm     .   (no gloves)
MR       .....                  (no boots)
Stlth    ++++......             H - amulet of regeneration (curse)
HPRegen  0.65/turn              g - ring of wizardry (curse)
MPRegen  0.19/turn              O - ring of protection from cold

@: confusing touch
A: distributed training, fangs 1, strong nose
a: Curse Item, Scrying, Renounce Religion


You were in an ice cave.
You worshipped Ashenzari.
Ashenzari was pleased with you.
You were not hungry.

You visited 2 branches of the dungeon, and saw 13 of its levels.
You also visited: Ice Cave.

You collected 599 gold pieces.

Inventory:

Hand Weapons
 a - a +0 broad axe
 b - a cursed +4 morningstar (weapon)
 x - the +3 spear of Etru {flame, rPois Str-4 Dex+9 Stlth+}
   (You found it on level 7 of the Dungeon)

   It has been specially enchanted to burn those struck by it, causing extra
   injury to most foes and up to half again as much damage against particularly
   susceptible opponents.
   It affects your strength (-4).
   It affects your dexterity (+9).
   It protects you from poison.
   It makes you more stealthy.
 E - a +5 long sword
Missiles
 k - 338 stones (quivered)
 l - 6 javelins
 n - 58 sling bullets
 o - 63 bolts
 t - 3 throwing nets
 u - 135 arrows
Armour
 w - a +0 robe
 N - +0 acid dragon scales (worn)
Jewellery
 g - a cursed ring of wizardry (left hand)
 v - an uncursed ring of flight
 C - an uncursed ring of see invisible
 D - an uncursed ring of ice
 H - a cursed amulet of regeneration (around neck)
 K - an uncursed ring of fire
 O - a ring of protection from cold (right hand)
Wands
 B - a wand of enslavement (22)
 L - a wand of digging (4)
Scrolls
 e - 2 scrolls of random uselessness {unknown}
 f - 8 scrolls of enchant weapon
 h - 8 scrolls of teleportation
 i - 2 scrolls of fog
 m - 3 scrolls of magic mapping
 p - 4 scrolls of remove curse
 r - 2 scrolls of enchant armour
 y - a scroll of amnesia {unknown}
 G - a scroll of blinking {unknown}
 I - a scroll of silence {unknown}
 J - a scroll of noise {unknown}
Potions
 d - a potion of mutation
 j - 4 potions of invisibility
 q - 4 potions of curing
 s - 4 potions of brilliance
 z - 2 potions of agility
 A - a potion of ambrosia
 F - 3 potions of flight
 Q - a potion of haste {unknown}
Miscellaneous
 M - a lamp of fire
Comestibles
 c - 14 rations
 P - 5 chunks of flesh


   Skills:
 + Level 7.0 Fighting
 + Level 7.0 Short Blades
 + Level 7.0 Long Blades
 + Level 7.0 Axes
 + Level 7.0(9.3) Maces & Flails
 + Level 7.0 Polearms
 + Level 7.0 Staves
 + Level 7.0 Slings
 + Level 7.0 Bows
 + Level 7.0 Crossbows
 + Level 7.0 Throwing
 + Level 7.0 Armour
 + Level 8.5 Dodging
 + Level 8.2 Stealth
 + Level 7.0 Shields
 + Level 7.0 Unarmed Combat
 + Level 8.7 Spellcasting
 + Level 6.2(7.7) Conjurations
 + Level 5.8(7.3) Hexes
 + Level 5.8(7.3) Charms
 + Level 5.8(7.3) Summonings
 + Level 5.8(7.3) Necromancy
 + Level 5.8(7.3) Translocations
 + Level 5.8(7.3) Transmutations
 + Level 5.8(7.3) Fire Magic
 + Level 5.8(7.3) Ice Magic
 + Level 8.1(9.6) Air Magic
 + Level 5.8(7.3) Earth Magic
 + Level 5.8(7.3) Poison Magic
 + Level 7.7 Invocations
 + Level 7.0(8.5) Evocations


You had 12 spell levels left.
You knew the following spells:

 Your Spells              Type           Power        Failure   Level  Hunger
a - Shock                 Conj/Air       ####         1%          1    None
b - Sticky Flame          Conj/Fire      #####...     1%          4    ##.....
c - Airstrike             Air            ######....   1%          4    ##.....
d - Confusing Touch       Hex            #####.       1%          1    None
e - Static Discharge      Conj/Air       #####...     1%          3    None
h - Swiftness             Chrm/Air       #####...     1%          2    None
r - Apportation           Tloc           #####.       1%          1    None

Your spell library contained the following spells:

 Spells                   Type           Power        Failure   Level  Hunger
 Animate Skeleton         Necr           N/A          1%          1    None
 Foxfire                  Conj/Fire      ####         1%          1    None
 Summon Small Mammal      Summ           ####         1%          1    None
 Confuse                  Hex            #####...     1%          3    None
 Conjure Flame            Conj/Fire      #####...     1%          3    None
 Gell's Gravitas          Tloc           #####.....   1%          3    None
 Inner Flame              Hex/Fire       #####...     1%          3    None
 Petrify                  Tmut/Erth      #####...     1%          4    ##.....
 Lightning Bolt           Conj/Air       #####.....   3%          5    #####..
 Fireball                 Conj/Fire      #####.....   5%          5    #####..
 Metabolic Englaciation   Hex/Ice        #####.....   6%          5    #####..
 Yara's Violent Unravell  Hex/Tmut       #####.....   6%          5    #####..


Dungeon Overview and Level Annotations

Branches:
Dungeon (12/15)            Temple (1/1) D:5            Lair (0/6) D:10
    Orc (0/2) D:11          IceCv (1/1)

Altars:
Ashenzari
Cheibriados
Dithmenos
Elyvilon
Fedhas
Gozag
Hepliaklqana
Kikubaaqudgha
Makhleb
Nemelex Xobeh
Okawaru
Qazlal
Ru
Sif Muna
Trog
Uskayaw
Vehumet
Wu Jian
Xom
Yredelemnul
Zin
The Shining One

Shops:
D:6 :

Annotations:
D:5 2 runed translucent doors, mrsnowman's ghost, amateur DsFE
D:8 exclusion: orange crystal statue


Innate Abilities, Weirdness & Mutations

Your experience applies equally to all skills.
You have very sharp teeth.
Your uncanny sense of smell can sniff out nearby items.


Message History

Aim: a wolf spider simulacrum (chance to confuse on hit: 43%)
The sticky flame hits the wolf spider simulacrum.
The wolf spider simulacrum melts!
The wolf spider simulacrum is lightly damaged.
The wolf spider simulacrum is covered in liquid flames!
The wolf spider simulacrum burns!
The wolf spider simulacrum hits you! The wolf spider simulacrum freezes you!
You resist. The wolf spider simulacrum bites you.
The wolf spider simulacrum freezes you! You resist.
The wolf spider simulacrum hits you! The wolf spider simulacrum freezes you!
You resist.
* * * LOW HITPOINT WARNING * * *
The wolf spider simulacrum bites you!
* * * LOW HITPOINT WARNING * * *
The wolf spider simulacrum freezes you! You resist.
* * * LOW HITPOINT WARNING * * *
The wolf spider simulacrum barely misses you.
The wolf spider simulacrum bites you.
* * * LOW HITPOINT WARNING * * *
The wolf spider simulacrum freezes you! You resist.
You die...

#...# * ≈*
*...##≈
#...# ≈ * ,
##...##*≈
##.....## ≈
*
#...∩...#*≈
*
#..ZZ...#*
*
##..ZZ.##*
, ##.@.##*
* ##### *≈
≈ **


You could see a wolf simulacrum, a death yak simulacrum and 2 wolf spider
simulacra.

Vanquished Creatures
  2 hydras (D:11)
  6 two-headed ogres
  An elephant (D:9)
  A troll (D:10)
  A hornet (D:9)
  4 hippogriffs
  A meliai zombie (D:12)
  Sigmund (D:6)
  A basilisk (D:10)
  A wyvern (D:12)
  2 hungry ghosts
  9 yaks
  4 wargs (D:11)
  An acid dragon (D:11)
  3 soldier ants
  2 water moccasins
  A sky beast (D:5)
  A black bear (D:10)
  Duvessa (D:6)
  4 phantoms
  4 ice beasts
  2 orc warriors
  7 ogres
  4 centaurs
  A crocodile (D:10)
  A big kobold (D:9)
  8 bullfrogs
  Dowan (D:6)
  A scorpion (D:4)
  9 killer bees
  9 wights
  A howler monkey (D:4)
  2 crimson imps
  A bullfrog zombie (D:8)
  4 lava snakes (D:8)
  2 centaur zombies
  A quasit (D:9)
  3 orc priests
  5 hounds
  2 jellies
  A bullfrog skeleton (D:9)
  A centaur skeleton (D:6)
  A gnoll shaman (D:8)
  6 iguanas
  13 orc wizards
  12 worker ants
  A worker ant zombie (D:6)
  7 gnolls
  14 adders
  3 shadow imps
  An adder skeleton (D:7)
  3 worms
  2 dart slugs
  3 leopard geckos
  40 orcs
  6 giant cockroaches
  5 goblins
  7 hobgoblins
  9 jackals
  4 quokkas
  2 ball pythons
  3 bats
  5 frilled lizards
  A jackal skeleton (D:7)
  A jackal zombie (D:5)
  11 kobolds
  A leopard gecko zombie (D:7)
  5 quokka skeletons
  9 rats
292 creatures vanquished.

Notes
Turn   | Place    | Note
-------+----------+-------------------------------------------
     0 | D:1      | Kagalorn the Gnoll Air Elementalist began the quest for the
                  | Orb.
     0 | D:1      | Reached XP level 1. HP: 13/13 MP: 6/6
   279 | D:1      | Reached XP level 2. HP: 19/19 MP: 2/7
   621 | D:2      | Reached skill level 5 in Spellcasting
   621 | D:2      | Reached XP level 3. HP: 25/25 MP: 2/9
   776 | D:2      | Reached skill level 1 in Invocations
   957 | D:2      | Found an ancient bone altar of Kikubaaqudgha.
  1053 | D:2      | Reached skill level 1 in Fighting
  1053 | D:2      | Reached skill level 1 in Short Blades
  1053 | D:2      | Reached skill level 1 in Long Blades
  1053 | D:2      | Reached skill level 1 in Axes
  1053 | D:2      | Reached skill level 1 in Maces & Flails
  1053 | D:2      | Reached skill level 1 in Polearms
  1053 | D:2      | Reached skill level 1 in Staves
  1053 | D:2      | Reached skill level 1 in Slings
  1053 | D:2      | Reached skill level 1 in Bows
  1053 | D:2      | Reached skill level 1 in Crossbows
  1053 | D:2      | Reached skill level 1 in Throwing
  1053 | D:2      | Reached skill level 1 in Armour
  1053 | D:2      | Reached skill level 1 in Shields
  1053 | D:2      | Reached skill level 1 in Unarmed Combat
  1053 | D:2      | Reached skill level 1 in Evocations
  1147 | D:2      | Reached XP level 4. HP: 32/32 MP: 8/11
  1160 | D:2      | Found a hide-covered altar of Uskayaw.
  1397 | D:3      | Learned a level 2 spell: Swiftness
  1401 | D:3      | Learned a level 3 spell: Static Discharge
  1406 | D:3      | Learned a level 4 spell: Airstrike
  1419 | D:3      | Reached skill level 1 in Hexes
  1419 | D:3      | Reached skill level 1 in Charms
  1419 | D:3      | Reached skill level 1 in Summonings
  1419 | D:3      | Reached skill level 1 in Necromancy
  1419 | D:3      | Reached skill level 1 in Translocations
  1419 | D:3      | Reached skill level 1 in Transmutations
  1419 | D:3      | Reached skill level 1 in Fire Magic
  1419 | D:3      | Reached skill level 1 in Ice Magic
  1419 | D:3      | Reached skill level 1 in Earth Magic
  1419 | D:3      | Reached skill level 1 in Poison Magic
  1442 | D:3      | Reached XP level 5. HP: 22/37 MP: 1/12
  1837 | D:3      | Found a white marble altar of Elyvilon.
  1837 | D:3      | Found a basalt altar of Yredelemnul.
  1844 | D:3      | Found a hazy altar of Hepliaklqana.
  1846 | D:3      | Found a sparkling altar of Nemelex Xobeh.
  1849 | D:3      | Found a faded altar of an unknown god.
  1935 | D:4      | Noticed a phantom
  1949 | D:4      | Killed a phantom
  1949 | D:4      | Reached XP level 6. HP: 44/44 MP: 3/13
  2080 | D:4      | Reached skill level 5 in Dodging
  2465 | D:4      | Found a shimmering blue altar of Sif Muna.
  2475 | D:4      | Reached XP level 7. HP: 49/50 MP: 9/15
  2530 | D:5      | Entered Level 5 of the Dungeon
  2712 | D:5      | Reached skill level 5 in Stealth
  2769 | D:5      | Found a staircase to the Ecumenical Temple.
  2779 | Temple   | Entered the Ecumenical Temple
  2919 | Temple   | Became a worshipper of Ashenzari the Shackled
  3087 | D:5      | Found a runed translucent door.
  3088 | D:5      | Noticed mrsnowman's ghost (amateur DsFE)
  3134 | D:5      | Found a runed translucent door.
  3405 | D:6      | Reached XP level 8. HP: 52/57 MP: 6/16
  3575 | D:6      | Noticed Duvessa
  3576 | D:6      | Noticed Dowan
  3594 | D:6      | Killed Duvessa
  3596 | D:6      | Killed Dowan
  3766 | D:6      | Found Luynus's Book Emporium.
  3804 | D:6      | Noticed Sigmund
  3811 | D:6      | Killed Sigmund
  4163 | D:6      | Reached XP level 9. HP: 53/65 MP: 12/18
  4589 | D:7      | Identified the +3 spear of Etru {flame, rPois Str-4 Dex+9
                  | Stlth+}
  4795 | D:7      | Reached * piety under Ashenzari
  5716 | D:8      | Noticed an orange crystal statue
  5886 | D:8      | Reached skill level 5 in Invocations
  6295 | D:8      | Noticed a two-headed ogre
  6459 | D:7      | Killed a two-headed ogre
  6459 | D:7      | Reached XP level 10. HP: 73/73 MP: 2/20
  6587 | D:8      | Reached skill level 5 in Fighting
  6587 | D:8      | Reached skill level 5 in Short Blades
  6587 | D:8      | Reached skill level 5 in Long Blades
  6587 | D:8      | Reached skill level 5 in Axes
  6587 | D:8      | Reached skill level 5 in Maces & Flails
  6587 | D:8      | Reached skill level 5 in Polearms
  6587 | D:8      | Reached skill level 5 in Staves
  6587 | D:8      | Reached skill level 5 in Slings
  6587 | D:8      | Reached skill level 5 in Bows
  6587 | D:8      | Reached skill level 5 in Crossbows
  6587 | D:8      | Reached skill level 5 in Throwing
  6587 | D:8      | Reached skill level 5 in Armour
  6587 | D:8      | Reached skill level 5 in Shields
  6587 | D:8      | Reached skill level 5 in Unarmed Combat
  6587 | D:8      | Reached skill level 5 in Evocations
  6787 | D:8      | Noticed a two-headed ogre
  7213 | D:8      | Learned a level 1 spell: Apportation
  7296 | D:8      | Found a glowing silver altar of Zin.
  7436 | D:9      | Noticed a two-headed ogre
  7442 | D:9      | Killed a two-headed ogre
  7482 | D:9      | Found a radiant altar of Vehumet.
  7631 | D:9      | Reached skill level 5 in Conjurations
  7959 | D:9      | Found a shadowy altar of Dithmenos.
  7990 | D:9      | Noticed a two-headed ogre
  8096 | D:8      | Killed a two-headed ogre
  8096 | D:8      | Reached XP level 11. HP: 40/81 MP: 0/22
  8382 | D:9      | Killed a two-headed ogre
  8574 | D:9      | Reached skill level 5 in Hexes
  8574 | D:9      | Reached skill level 5 in Charms
  8574 | D:9      | Reached skill level 5 in Summonings
  8574 | D:9      | Reached skill level 5 in Necromancy
  8574 | D:9      | Reached skill level 5 in Translocations
  8574 | D:9      | Reached skill level 5 in Transmutations
  8574 | D:9      | Reached skill level 5 in Fire Magic
  8574 | D:9      | Reached skill level 5 in Ice Magic
  8574 | D:9      | Reached skill level 5 in Earth Magic
  8574 | D:9      | Reached skill level 5 in Poison Magic
  8743 | D:9      | Noticed a two-headed ogre
  8953 | D:9      | Killed a two-headed ogre
  9341 | D:9      | Reached ** piety under Ashenzari
  9482 | D:10     | Entered Level 10 of the Dungeon
 10215 | D:10     | Found a staircase to the Lair.
 10586 | D:10     | Learned a level 1 spell: Confusing Touch
 10768 | D:11     | Learned a level 4 spell: Sticky Flame
 11064 | D:11     | Noticed a two-headed ogre
 11137 | D:11     | Killed a two-headed ogre
 11137 | D:11     | Reached XP level 12. HP: 89/89 MP: 14/24
 11334 | D:11     | Found a staircase to the Orcish Mines.
 11425 | D:11     | Noticed an eight-headed hydra
 11430 | D:11     | Killed an eight-headed hydra
 11681 | D:11     | Noticed a six-headed hydra
 11753 | D:11     | Killed a six-headed hydra
 12219 | D:12     | Found a frozen archway.
 12243 | IceCv    | Entered an ice cave
 12250 | IceCv    | Slain by a wolf spider simulacrum

Levels and vault maps discovered:
D:1:      dpeg_arrival_tiny_h, layout_rooms, minmay_split_cup_large
D:2:      layout_basic, kiku_gazebo_garden_becter, marbit_many_paths,
          serial_glass, glass_columns_a, glass_columns_c
D:3:      layout_rooms, chequers_temple_overflow_minitemple, first_ration,
          chequers_jeans
D:4:      layout_cave_pools, led_sif_book
D:5:      layout_gridville, minmay_temple_entry_water_ring,
          ebering_ghost_sewer_f
D:6:      layout_basic, serial_shops, shop_statue, uniq_duvessa, uniq_sigmund
D:7:      statuecave_lemuel, layout_cave_pools, chequers_serial_rivers_room_b
D:8:      lemuel_upstairs_altar, layout_rooms, zin_statuary, disabler_island
D:9:      layout_small_grid, lemuel_doored_altar, basic_altar,
          hangedman_pestilent_swarm, chequers_serial_rivers_marsh
D:10:     layout_basic, david_lair_generic
D:11:     layout_cave_pods, minmay_orc_entry_guard_dogs
D:12:     layout_roguey, portal_ice_cave_entry_pillars_1, basic_altar
Temple:   dshaligram_water_room_temple
IceCv:    ice_cave_small_necro

Skill      XL: |  1  2  3  4  5  6  7  8  9 10 11 12 |
---------------+-------------------------------------+-----
Conjurations   | 2 3 4 5 6 |  6.2
Spellcasting   | 5 6 7 8 |  8.7
Invocations    | 1 2 3 4 5 6 7 |  7.7
Fighting       | 1 2 3 4 5 6 7 |  7.0
Short Blades   | 1 2 3 4 5 6 7 |  7.0
Long Blades    | 1 2 3 4 5 6 7 |  7.0
Axes           | 1 2 3 4 5 6 7 |  7.0
Maces & Flails | 1 2 3 4 5 6 7 |  7.0
Polearms       | 1 2 3 4 5 6 7 |  7.0
Staves         | 1 2 3 4 5 6 7 |  7.0
Slings         | 1 2 3 4 5 6 7 |  7.0
Bows           | 1 2 3 4 5 6 7 |  7.0
Crossbows      | 1 2 3 4 5 6 7 |  7.0
Throwing       | 1 2 3 4 5 6 7 |  7.0
Armour         | 1 2 3 4 5 6 7 |  7.0
Shields        | 1 2 3 4 5 6 7 |  7.0
Unarmed Combat | 1 2 3 4 5 6 7 |  7.0
Evocations     | 1 2 3 4 5 6 7 |  7.0
Hexes          | 1 2 3 4 5 |  5.8
Charms         | 1 2 3 4 5 |  5.8
Summonings     | 1 2 3 4 5 |  5.8
Necromancy     | 1 2 3 4 5 |  5.8
Translocations | 1 2 3 4 5 |  5.8
Transmutations | 1 2 3 4 5 |  5.8
Fire Magic     | 1 2 3 4 5 |  5.8
Ice Magic      | 1 2 3 4 5 |  5.8
Earth Magic    | 1 2 3 4 5 |  5.8
Poison Magic   | 1 2 3 4 5 |  5.8
Dodging        | 5 6 7 8 |  8.5
Stealth        | 5 6 7 8 |  8.2
Air Magic      | 6 7 8 |  8.1

Action                   |  1- 3 |  4- 6 |  7- 9 | 10-12 || total
-------------------------+-------+-------+-------+-------++-------
Melee: Short sword       |    12 |     3 |       |       ||    15
       Bite              |     1 |       |     1 |     9 ||    11
       Broad axe         |       |       |     9 |       ||     9
       Morningstar       |       |       |     5 |    77 ||    82
       Punch             |       |       |       |     2 ||     2
 Cast: Shock             |    46 |   106 |   283 |   387 ||   822
       Airstrike         |       |     2 |    25 |    79 ||   106
       Swiftness         |       |       |     1 |       ||     1
       Apportation       |       |       |       |     1 ||     1
       Confusing Touch   |       |       |       |    10 ||    10
       Sticky Flame      |       |       |       |     9 ||     9
Invok: Curse Item        |       |       |     1 |     1 ||     2
  Use: Scroll            |       |       |    10 |     3 ||    13
 Stab: Confused          |       |       |       |     7 ||     7
  Eat: Chunk             |       |     5 |    11 |    25 ||    41
       Ration            |       |       |     1 |     1 ||     2
Armor: Robe              |     1 |     3 |     8 |    18 ||    30
       Acid dragon scale |       |       |       |    25 ||    25
Dodge: Dodged            |    15 |    26 |    94 |   274 ||   409

Table legend:
 A = Non-vault XP
 B = Vault XP
 C = Vault XP percentage of total XP
 D = Non-vault monster count
 E = Vault monster count
 F = Vault count percentage of total count
                 A         B        C        D         E       F
            +---------+---------+-------+---------+---------+-------
      Total |   19364 |    3010 |  13.5 |     266 |      26 |   8.9
            +---------+---------+-------+---------+---------+-------
        D:1 |      21 |       8 |  27.6 |      12 |       4 |  25.0
        D:2 |      51 |      13 |  20.3 |      16 |       1 |   5.9
        D:3 |     111 |       0 |   0.0 |      23 |       0 |   0.0
        D:4 |     352 |      77 |  17.9 |      15 |       2 |  11.8
        D:5 |     529 |       0 |   0.0 |      10 |       0 |   0.0
        D:6 |     960 |     450 |  31.9 |      32 |       3 |   8.6
        D:7 |    2194 |       0 |   0.0 |      24 |       0 |   0.0
        D:8 |    2588 |     348 |  11.9 |      39 |       5 |  11.4
        D:9 |    5164 |     936 |  15.3 |      38 |       4 |   9.5
       D:10 |    2171 |     516 |  19.2 |      17 |       3 |  15.0
       D:11 |    4686 |     662 |  12.4 |      35 |       4 |  10.3
       D:12 |     537 |       0 |   0.0 |       5 |       0 |   0.0
            +---------+---------+-------+---------+---------+-------
